[ AOE2 MATCH · #505673670 ]
UnrankedItalians vs Bohemians
Player's team · WIN
Rival team · LOSS
[ REPLAY ANALYSIS · EXTRACTED FROM THE RECORDED GAME ]
Feudal
9:16
Castle
—
Imperial
—
| APM avg | 76.5 |
| APM peak | 131 |
| eAPM avg | 30.7 |
| Villagers / military | 27 / 4 |
Focus
⚔️ 56.0% · 🌾 44.0%
Militia ×4
Feudal
8:53
Castle
—
Imperial
—
| APM avg | 57.9 |
| APM peak | 92 |
| eAPM avg | 16.0 |
| Villagers / military | 27 / 3 |
Focus
⚔️ 20.6% · 🌾 79.4%
Militia ×3
Match map
Initial resources + every placement click. Lines = walls · curves = elevation contours. ◆ gold · ⬟ stone · ● berries · ✦ relic · ◌ wall gap
Your base
Andi's base
Smoothed initial terrain · ◌ = detected wall gap · hover for details
Inputs per minute
— The_Fury - - Andi
Build order — The_Fury
53 actions detected in the replay
| 0:01 | Create | Villager (Male) |
| 0:01 | Create | Villager (Male) |
| 0:02 | Build | House |
| 0:02 | Create | Villager (Male) |
| 0:03 | Build | House |
| 0:05 | Create | Villager (Male) |
| 1:30 | Create | Villager (Male) |
| 1:30 | Create | Villager (Male) |
| 1:53 | Build | Lumber Camp |
| 1:54 | Create | Villager (Male) |
| 1:54 | Create | Villager (Male) |
| 2:29 | Create | Villager (Male) |
| 2:29 | Create | Villager (Male) |
| 2:29 | Create | Villager (Male) |
| 3:15 | Create | Villager (Male) |
| 3:20 | Create | Villager (Male) |
| 3:38 | Build | House |
| 4:05 | Build | House |
| 4:09 | Create | Villager (Male) |
| 4:31 | Create | Villager (Male) |
| 4:53 | Create | Villager (Male) |
| 4:53 | Create | Villager (Male) |
| 5:05 | Create | Villager (Male) |
| 5:06 | Create | Villager (Male) |
| 5:06 | Create | Villager (Male) |
| 5:13 | Build | Barracks |
| 5:52 | Create | Villager (Male) |
| 6:05 | Build | House |
| 6:08 | Build | Palisade Wall |
| 6:18 | Research | Loom |
| 6:20 | Build | Palisade Wall |
| 6:54 | Build | Mill |
| 7:00 | Research | Feudal Age |
| 7:07 | Create | Militia |
| 7:08 | Create | Militia |
| 7:29 | Create | Militia |
| 7:52 | Create | Militia |
| 8:31 | Build | House |
| 8:33 | Build | Palisade Wall |
| 8:33 | Build | Palisade Wall |
| 8:35 | Build | Palisade Wall |
| 9:16 | Age | Feudal Age |
| 9:18 | Research | Man-at-Arms (upgrade) |
| 9:18 | Research | Double-Bit Axe |
| 9:19 | Create | Villager (Male) |
| 9:26 | Build | Archery Range |
| 9:32 | Create | Villager (Male) |
| 9:45 | Create | Villager (Male) |
| 10:03 | Create | Villager (Male) |
| 10:07 | Create | Villager (Male) |
| 10:15 | Build | Palisade Gate |
| 10:20 | Create | Villager (Male) |
| 10:24 | Build | Palisade Gate |
Build order — Andi
48 actions detected in the replay
| 0:00 | Create | Villager (Male) |
| 0:00 | Create | Villager (Male) |
| 0:00 | Create | Villager (Male) |
| 0:00 | Create | Villager (Male) |
| 0:01 | Build | House |
| 0:02 | Build | House |
| 1:26 | Create | Villager (Male) |
| 1:26 | Create | Villager (Male) |
| 1:26 | Create | Villager (Male) |
| 1:53 | Create | Villager (Male) |
| 1:53 | Create | Villager (Male) |
| 1:53 | Create | Villager (Male) |
| 1:53 | Create | Villager (Male) |
| 1:53 | Create | Villager (Male) |
| 2:17 | Build | Lumber Camp |
| 2:26 | Create | Villager (Male) |
| 2:26 | Create | Villager (Male) |
| 2:42 | Create | Villager (Male) |
| 3:36 | Create | Villager (Male) |
| 3:37 | Create | Villager (Male) |
| 3:37 | Create | Villager (Male) |
| 3:50 | Build | House |
| 4:04 | Create | Villager (Male) |
| 4:51 | Create | Villager (Male) |
| 4:51 | Create | Villager (Male) |
| 5:10 | Build | Barracks |
| 5:36 | Create | Villager (Male) |
| 6:03 | Create | Villager (Male) |
| 6:43 | Research | Feudal Age |
| 6:43 | Research | Feudal Age |
| 6:54 | Build | Mining Camp |
| 7:02 | Create | Militia |
| 7:02 | Create | Militia |
| 7:05 | Build | House |
| 7:33 | Research | Loom |
| 7:33 | Create | Villager (Male) |
| 7:51 | Create | Militia |
| 8:14 | Build | House |
| 8:52 | Build | House |
| 8:53 | Age | Feudal Age |
| 8:54 | Build | House |
| 8:58 | Research | Man-at-Arms (upgrade) |
| 8:58 | Research | Double-Bit Axe |
| 9:14 | Create | Villager (Male) |
| 9:26 | Create | Villager (Male) |
| 9:28 | Build | Archery Range |
| 10:14 | Build | Palisade Wall |
| 10:19 | Create | Villager (Male) |
Match timeline
| 5:10 | Andi · first_building Barracks |
| 5:13 | The_Fury · first_building Barracks |
| 6:08 | The_Fury · wall_segment Palisade Wall x1 |
| 6:20 | The_Fury · wall_segment Palisade Wall x1 |
| 8:33 | The_Fury · wall_segment Palisade Wall x1 |
| 8:33 | The_Fury · wall_segment Palisade Wall x1 |
| 8:35 | The_Fury · wall_segment Palisade Wall x1 |
| 8:53 | Andi · age_up feudal |
| 9:16 | The_Fury · age_up feudal |
| 9:26 | The_Fury · first_building Archery Range |
| 9:28 | Andi · first_building Archery Range |
| 10:14 | Andi · wall_segment Palisade Wall x1 |
| 10:30 | Andi · resign |
[ AI ANALYSIS · 1 CREDIT ]
What really happened in this match?
Wolo.gg analyzes every decision: build order, eco, micro, common mistakes by bracket. Personalized analysis on WhatsApp or Discord in 30 seconds.
Civ guide
Italians
Perfil
Jugador #8448734